 Seeded DCSS version 0.27-a0-1188-g73eefd5def (webtiles) character file.

Game seed: 16286529635872454380 (custom seed)

31 Shayle the Grasshopper (level 3, -6/28 HPs)
             Began as a Demonspawn Warper on May 20, 2021.
             Mangled by Robin
             ... wielding a +0 trident
              (10 damage)
             ... on level 2 of the Dungeon.
             The game lasted 00:03:25 (1624 turns).

Shayle the Grasshopper (Demonspawn Warper)          Turns: 1624, Time: 00:03:25

Health: -6/28      AC:  3    Str: 11    XL:     3   Next: 7%
Magic:  6/6        EV: 11    Int: 14    God:
Gold:   64         SH:  0    Dex: 15    Spells: 6/6 levels left

rFire    . . .     SeeInvis .   a - +0 falchion
rCold    . . .     Faith    .   (no shield)
rNeg     . . .     Spirit   .   b - +0 leather armour
rPois    .         Reflect  .   (no helmet)
rElec    .         Harm     .   (no cloak)
rCorr    .         Rampage  .   (no gloves)
Will     .....                  (no boots)
Stlth    +++.......             (no amulet)
HPRegen  0.09/turn              (no ring)
MPRegen  0.10/turn              (no ring)

@: attractive
A: hooves 1, thin skeletal structure 1
a: no special abilities


You were on level 2 of the Dungeon.
You visited 1 branch of the dungeon, and saw 3 of its levels.

You collected 64 gold pieces.

Inventory:

Hand Weapons
 a - a +0 falchion (weapon)
Missiles
 e - 5 boomerangs of dispersal (quivered)
Armour
 b - a +0 leather armour (worn)
Scrolls
 c - a scroll of torment {unknown}
 d - a scroll of blinking
 g - a scroll of immolation {unknown}
Potions
 f - a potion of mutation {unknown}


   Skills:
 + Level 2.4 Fighting
 + Level 2.2 Long Blades
 - Level 0.8 Throwing
 - Level 0.8 Armour
 - Level 1.7 Dodging
 * Level 1.8 Stealth
 - Level 2.0 Spellcasting
 - Level 2.6 Translocations


You had 6 spell levels left.
You didn't know any spells.
Your spell library contained the following spells:

 Spells                   Type           Power      Damage    Failure   Level
 Apportation              Tloc           16%        N/A       11%         1
 Blink                    Tloc           N/A        N/A       16%         2
 Animate Skeleton         Necr           2%         N/A       30%         1
 Corona                   Hex            1%         N/A       30%         1
 Summon Small Mammal      Summ           4%         N/A       30%         1
 Gell's Gravitas          Tloc           4%         N/A       30%         3
 Lesser Beckoning         Tloc           4%         N/A       30%         3
 Teleport Other           Tloc           8%         N/A       30%         3
 Manifold Assault         Tloc           8%         N/A       96%         5


Dungeon Overview and Level Annotations

Branches:
Dungeon (3/15)

Altars:

Annotations:
D:2 Robin


Innate Abilities, Weirdness & Mutations

You have large cloven feet.
You have a somewhat thin skeletal structure. (Dex +2, Stealth+)


Message History

You aren't carrying any items that you can evoke.
Robin barely misses you. Robin barely misses you.
Things that are here:
a +0 club; a giant cockroach corpse You hit Robin but do no damage.
Robin barely misses you. Robin closely misses you.
You closely miss Robin. You kick Robin.
Robin is lightly wounded.
Robin hits you with a +0 trident!
You hit Robin.
Robin is moderately wounded.
Robin hits you with a +0 trident.
You completely miss Robin. You kick Robin.
Robin is moderately wounded.
Robin hits you but does no damage. Robin barely misses you.
Robin roars a battlecry!
There is a stone staircase leading up here.
You climb upwards.
There is a stone staircase leading down here.
You start resting.
HP restored.
You climb downwards.
Level annotation: Robin Robin hits you with a +0 trident!
There is a stone staircase leading up, spattered with blood here.
You climb upwards.
There is a stone staircase leading down here.
You hit Robin. Your kick misses Robin.
Robin is moderately wounded.
Robin hits you with a +0 trident!
You hit Robin. Your kick misses Robin.
Robin is heavily wounded.
Robin hits you with a +0 trident.
* * * LOW HITPOINT WARNING * * *
It was a potion of attraction.
You feel attractive to monsters. Robin hits you with a +0 trident!
You die...

####### ###
##########....... ..#
#........#.......
..######........#g......
..'....'........@.......
..######........#.......
..# #........#.......
+## #[.......#.......
#........#.......
#........#.......
#........#.......
#........#.......


You could see Robin.

Vanquished Creatures
  4 ball pythons
  2 endoplasms (D:1)
  4 giant cockroaches
  6 goblins
  3 hobgoblins
  2 jackals (D:1)
  A quokka (D:2)
  A frilled lizard (D:2)
  A kobold (D:1)
  A rat (D:1)
25 creatures vanquished.

Vanquished Creatures (others)
  A ball python (D:1)
1 creature vanquished.

Grand Total: 26 creatures vanquished

Notes
Turn   | Place    | Note
-------+----------+-------------------------------------------
     0 | D:1      | Shayle the Demonspawn Warper began the quest for the Orb.
     0 | D:1      | Reached XP level 1. HP: 16/16 MP: 3/3
   202 | D:1      | Reached skill level 1 in Stealth
   206 | D:1      | Gained mutation: You have a somewhat thin skeletal
                  | structure. (Dex +2, Stealth+) [demonic ancestry]
   206 | D:1      | Reached XP level 2. HP: 14/22 MP: 5/5
   882 | D:1      | Found a faded altar of an unknown god.
  1386 | D:3      | Gained mutation: You have large cloven feet. [demonic
                  | ancestry]
  1386 | D:3      | Reached XP level 3. HP: 28/28 MP: 6/6
  1467 | D:3      | Noticed Robin
  1624 | D:2      | Mangled by Robin

Illustrated notes

Levels and vault maps discovered:
D:1:      minmay_arrival_five_plusses, layout_loops_ring,
          chequers_ecumenical_altar_twisty, grunt_decor_mini_mirrors,
          lemuel_flame_loot_1
D:2:      layout_basic
D:3:      wad_pebble_path, layout_loops_ring, uniq_robin, uniq_terence

Skill      XL: |  1 |
---------------+----+-----
Stealth        | 1 |  1.8
Long Blades    | 2 |  2.2
Fighting       | |  2.4
Throwing       | |  0.8
Armour         | |  0.8
Dodging        | |  1.7
Spellcasting   | |  2.0
Translocations | |  2.6

Action                   || total
-------------------------++-------
Melee: Falchion          ||    86
       Kick              ||     4
  Use: Potion            ||     1
 Stab: Sleeping          ||     6
Armor: Leather armour    ||    22
Dodge: Dodged            ||    67
       Rpst.: Falchion   ||    10

Table legend: (Time is in decaauts)
 A = Elapsed time spent in this place.
 B = Non-inter-level travel time spent in this place.
 C = Inter-level travel time spent in this place.
 D = Time resting spent in this place.
 E = Time spent auto-exploring this place.
 F = Levels seen in this place.
 G = Mean time per level.
                   A        B        C        D        E       F      G
               +--------+--------+--------+--------+--------+-----+--------+
         Total |   1643 |   1643 |      0 |    478 |    629 |   3 |  547.7 |
       Dungeon |   1643 |   1643 |      0 |    478 |    629 |   3 |  547.7 |
               +--------+--------+--------+--------+--------+-----+--------+

Top non-repeatable levels by time:
     D:1: 1076 daAuts
     D:3: 303 daAuts
     D:2: 262 daAuts
